Map: Tours du crépuscule

Players

TheObcd - Winner!

  • Race: Protoss Protoss
  • League: Platinum

Bersebius

  • Race: Protoss Protoss
  • League: Platinum

VOD

Have the link to the VOD?

Description

Time

  • Played on: May 9, 2016, 2:05 p.m.
  • Length: 7:06
Show
View Real Time Build Order
Export as new Build Order

TheObcd Protoss - Winner!

Build Orders: Mass Adepts 

Get SALT Encoding   

  12  0:09  Pylon  
  12  0:13  Probe (Chrono Boost)  
  13  0:27  Gateway  
  13  0:31  Probe (Chrono Boost)  
  14  0:42  Probe (Chrono Boost)  
  15  0:44  Assimilator  
  15  0:53  Probe (Chrono Boost)  
  16  1:03  Probe (Chrono Boost)  
  16  1:04  Gateway  
  17  1:15  Cybernetics Core  
  17  1:27  Gateway  
  17  1:36  Zealot (Chrono Boost)  
  19  1:43  Pylon  
  19  1:52  Mothership Core (Chrono Boost)  
  21  2:01  Adept  
  23  2:08  Adept  
  25  2:20  Adept  
  27  2:28  Adept  
  28  2:54  Adept, Probe (Chrono Boost)  
  31  3:15  Adept  
  31  3:19  Pylon  
  31  3:37  Adept, Pylon x2  
  31  3:40  Pylon  
  32  3:45  Adept, Probe (Chrono Boost)  
  35  4:06  Adept x2  
  39  4:27  Pylon  
  39  4:29  Pylon  
  37  4:56  Adept x2  
  41  5:05  Adept  
  39  5:23  Adept  
  41  5:32  Adept x2  
  45  5:45  Nexus  
  43  6:11  Adept x2  
  45  6:32  Adept  
  47  6:37  Probe (Chrono Boost)  
  47  6:38  Adept  
  50  6:47  Probe (Chrono Boost)  
Show
View Real Time Build Order
Export as new Build Order

Bersebius Protoss 

Build Orders:  

Get SALT Encoding   

  12  0:01  Probe (Chrono Boost)  
  13  0:13  Probe (Chrono Boost)  
  14  0:18  Pylon  
  14  0:23  Probe (Chrono Boost)  
  15  0:36  Probe (Chrono Boost)  
  16  0:42  Gateway  
  16  0:47  Probe (Chrono Boost)  
  17  0:50  Assimilator  
  17  0:57  Probe (Chrono Boost)  
  18  1:08  Probe (Chrono Boost)  
  19  1:12  Assimilator  
  19  1:15  Pylon  
  20  1:18  Probe (Chrono Boost)  
  20  1:30  Cybernetics Core  
  20  1:35  Pylon  
  20  1:43  Probe (Chrono Boost)  
  21  2:06  Mothership Core (Chrono Boost)  
  21  2:07  Warp Gate (Chrono Boost), Stalker (Chrono Boost)  
  25  2:27  Probe  
  26  2:31  Pylon  
  26  2:37  Nexus  
  26  2:53  Zealot  
  28  3:12  Gateway x2  
  19  4:14  Stalker x3  
  19  4:16  Probe  
  25  4:17  Probe  
  22  4:36  Stalker x2  
  22  4:38  Stalker  
  22  5:00  Stalker x2  
  22  5:01  Stalker  
  22  5:21  Twilight Council  
  22  5:23  Stalker x2  
  22  5:24  Stalker  
  20  5:47  Stalker  
  22  5:54  Zealot x2  
  22  6:15  Stalker  
  22  6:16  Stalker  
  22  6:17  Zealot  
  13  6:37  Stalker x3  
Tags
 
Add a new tag
Caveats
  • Supply blocks, unpowered buildings, or Contaminate may cause inaccurate times.
  • Supply counts are checked every 10 seconds.